 Dungeon Crawl Stone Soup version 0.29.0-11-gd7f09526c8 (webtiles) character file.

Game seed: 13795491910893479041

178 mdonais the Firebug (level 5, -13/36 HPs)
             Began as an Octopode Cinder Acolyte on Sept 6, 2022.
             Was a High Priest of Ignis.
             Killed by divine providence
             ... invoked by an orc priest
              (16 damage)
             ... on level 4 of the Dungeon.
             The game lasted 00:07:50 (4007 turns).

mdonais the Firebug (Octopode Cinder Acolyte)       Turns: 4007, Time: 00:07:51

Health: -13/36     AC:  1    Str: 13    XL:     5   Next: 58%
Magic:  0/9        EV: 12    Int: 19    God:    Ignis [*****.]
Gold:   249        SH:  0    Dex:  7    Spells: 8/10 levels left

rFire   + . .      SeeInvis .   a - -1 falchion (flame)
rCold   . . .      Faith    .   (no shield)
rNeg    . . .      Spirit   .   (helmet restricted)
rPois   .          Reflect  .   (no amulet)
rElec   .          Harm     .   c - ring of flight
rCorr   .          Rampage  .   (no ring)
Will    .....                   (no ring)
Stlth   +++.......              (no ring)
HPRegen 0.12/turn               (no ring)
MPRegen 0.11/turn               (no ring)
                                (no ring)
                                (no ring)

@: flying
A: almost no armour, amphibious, 8 rings, camouflage 1, gelatinous body 1,
(nimble swimmer 1), tentacles
a: Renounce Religion, Fiery Armour, Foxfire Swarm, Rising Flame


You were on level 4 of the Dungeon.
You worshipped Ignis.
Ignis was extremely pleased with you.
You visited 1 branch of the dungeon, and saw 4 of its levels.

You collected 249 gold pieces.

Inventory:

Hand Weapons
 a - a -1 falchion of flaming (weapon)
Missiles
 r - 6 poisoned darts (quivered)
 t - 3 boomerangs
Armour
 e - a +0 kite shield
   (You took it off a kobold on level 2 of the Dungeon)
Magical Staves
 l - a staff of air
   (You found it on level 3 of the Dungeon)
Jewellery
 c - a ring of flight (left tentacle)
   (You found it on level 1 of the Dungeon)
Scrolls
 b - 2 scrolls of enchant weapon {unknown}
 d - 3 scrolls of identify {unknown}
 g - 3 scrolls of teleportation {unknown}
 k - a scroll of enchant armour {unknown}
 m - 3 scrolls of blinking {unknown}
 o - a scroll of amnesia {unknown}
 p - a scroll of immolation {unknown}
 q - a scroll of noise {unknown}
Potions
 f - a potion of mutation {unknown}
 h - a potion of degeneration {unknown}
 i - a potion of curing {unknown}
 j - a potion of resistance {unknown}
 n - a potion of haste {unknown}


   Skills:
 - Level 3.0 Fighting
 - Level 3.0 Long Blades
 - Level 3.3 Stealth
 - Level 3.0 Spellcasting
 + Level 4.4 Fire Magic


You had 8 spell levels left.
You knew the following spells:

 Your Spells              Type           Power      Damage    Failure   Level
a - Scorch                Fire           38%        2d7       3%          2

Your spell library contained the following spells:

 Spells                   Type           Power      Damage    Failure   Level
 Slow                     Hex            8%         N/A       16%         1
 Confusing Touch          Hex            2%         N/A       41%         3
 Vampiric Draining        Necr           2%         2d6       41%         3


Dungeon Overview and Level Annotations

Branches:
Dungeon (4/15) Zot: 19977  Temple (0/1) D:4

Altars:
Xom

Annotations:
D:2 Terence


Innate Abilities, Weirdness & Mutations

You cannot wear most types of armour.
You are amphibious.
You can wear up to eight rings at the same time.
Your skin changes colour to match your surroundings (Stealth+).
Your rubbery body absorbs attacks. (AC +1, EV +1)
((You are camouflaged when in or above water. (Stealth+)))
You have tentacles for arms and can constrict up to eight enemies at once.


Message History

Done exploring.
Done exploring.
(D) Dungeon
Where to? (Enter - D:4, ? - help)
There is a stone staircase leading down here.
You fly downwards.
There is a stone staircase leading up here.
r - 6 poisoned darts An endoplasm comes into view.
You see here a scroll labelled HILOYSCH HYSA.
m - 3 scrolls labelled HILOYSCH HYSA (gained 1)
The endoplasm quivers.
Casting: Scorch (safe; 4% risk of failure)
Confirm with . or Enter, or press ? or * to list all spells.
Flames lash the endoplasm.
You kill the endoplasm!
You have reached level 5!
You feel clever.
Health restored: 36 You now have 5/8 mp.
Magic restored.
You see here a +1 pair of gloves of dexterity.
MP restored: 8
Found 6 stones.
You now have 236 gold pieces (gained 5).
An orc priest comes into view. It is wielding a +0 club.
Found a staircase to the Ecumenical Temple.
Found 13 gold pieces.
Casting: Scorch (safe; 4% risk of failure)
Confirm with . or Enter, or press ? or * to list all spells.
You can't see any susceptible monsters within range! (Use Z to cast anyway.)
Casting: Scorch (safe; 4% risk of failure)
Confirm with . or Enter, or press ? or * to list all spells.
Flames lash the orc priest.
The orc priest shouts!
The orc priest is severely wounded.
The orc priest's fire resistance burns away.
You hear a shout!
You now have 6/8 mp.
Casting: Scorch (safe; 4% risk of failure)
Confirm with . or Enter, or press ? or * to list all spells.
Flames lash the orc priest.
The orc priest is burned terribly!
You kill the orc priest!
A kobold comes into view. It is wielding a +0 club.
You now have 4/9 mp.
Casting: Scorch (safe; 4% risk of failure)
Confirm with . or Enter, or press ? or * to list all spells.
Flames lash the kobold.
You kill the kobold!
You now have 2/9 mp.
You start resting.
Magic restored.
MP restored: 9 You now have 249 gold pieces (gained 13).
An endoplasm comes into view.
Casting: Scorch (safe; 4% risk of failure)
Confirm with . or Enter, or press ? or * to list all spells.
Flames lash the endoplasm.
You kill the endoplasm!
You now have 7/9 mp.
An orc comes into view. It is wielding a +0 hand axe.
The orc shouts!
You hear a shout!
MP restored: 9 A quokka comes into view.
Casting: Scorch (safe; 4% risk of failure)
Confirm with . or Enter, or press ? or * to list all spells.
You can't see any susceptible monsters within range! (Use Z to cast anyway.)
An orc priest comes into view.
It is wielding a +2 short sword of flaming.
An orc wizard comes into view. It is wielding a +0 dagger.
The orc priest moves out of view.
Casting: Scorch (safe; 4% risk of failure)
Confirm with . or Enter, or press ? or * to list all spells.
Flames lash the orc.
You kill the orc!
You hear a shout! x2
You now have 7/9 mp.
An orc comes into view. It is wielding a +0 hand axe.
The orc priest looks braver for a moment.
The quokka completely misses you.
The orc priest looks encouraged for a moment.
The quokka attacks as you move away! The quokka misses you.
The quokka bites you but does no damage.
You barely miss the quokka. You grab the quokka. You constrict the quokka.
The quokka barely misses you.
You hit the quokka. You burn the quokka.
The quokka is severely wounded.
You constrict the quokka, but do no damage.
The quokka bites you. The quokka closely misses you.
You take 2 damage, and have 34/36 hp.
MP restored: 9 You hit the quokka but do no damage.
The quokka is severely wounded.
You constrict the quokka.
You kill the quokka!
Casting: Scorch (safe; 4% risk of failure)
Confirm with . or Enter, or press ? or * to list all spells.
Flames lash the orc wizard.
The orc wizard is severely wounded.
The orc wizard's fire resistance burns away.
The orc wizard closely misses you.
The orc priest begins to cast a cantrip, but forgets the words!
You now have 7/9 mp.
Casting: Scorch (safe; 4% risk of failure)
Confirm with . or Enter, or press ? or * to list all spells.
Flames lash the orc wizard.
The orc wizard is burned terribly!
You kill the orc wizard!
The orc priest calls down the wrath of Beogh upon you.
Beogh smites you!
Training target 3.0 for Spellcasting reached!
Your Spellcasting skill increases to level 3!
You take 15 damage, and have 19/36 hp.
MASSIVE DAMAGE!!
You now have 5/9 mp.
You hit the orc but do no damage. Your grab misses the orc.
Your squeeze misses the orc. The orc misses you.
Casting: Scorch (safe; 3% risk of failure)
Confirm with . or Enter, or press ? or * to list all spells.
Flames lash the orc.
The orc is severely wounded.
The orc's fire resistance burns away.
The orc barely misses you. The orc hits you with a +0 hand axe.
The orc priest looks satisfied for a moment.
You take 2 damage, and have 18/36 hp.
You now have 3/9 mp.
You hit the orc. You burn the orc. You grab the orc. You squeeze the orc.
You kill the orc!
Casting: Scorch (safe; 3% risk of failure)
Confirm with . or Enter, or press ? or * to list all spells.
Flames lash the orc priest.
The orc priest is heavily wounded.
The orc priest's fire resistance burns away.
The orc priest hits you with a +2 short sword of flaming.
You take 2 damage, and have 16/36 hp.
You now have 2/9 mp.
Casting: Scorch (safe; 3% risk of failure)
Confirm with . or Enter, or press ? or * to list all spells.
Flames lash the orc priest.
The orc priest is burned terribly!
The orc priest is severely wounded.
The orc priest hits you with a +2 short sword of flaming!
* * * LOW HITPOINT WARNING * * *
The orc priest burns you.
* * * LOW HITPOINT WARNING * * *
The orc priest hits you with a +2 short sword of flaming.
* * * LOW HITPOINT WARNING * * *
The orc priest burns you.
* * * LOW HITPOINT WARNING * * *
You take 14 damage, and have 2/36 hp.
MASSIVE DAMAGE!!
You now have 0/9 mp.
Okay, then.
You closely miss the orc priest. Your grab misses the orc priest.
Your squeeze misses the orc priest.
The orc priest is severely wounded.
The orc priest calls down the wrath of Beogh upon you.
Beogh smites you!
You die...

## # ################## ##..##
.................. ......
.................# ##..##
.#######.#######.# #..... .....#
#.....###.# .# # #...##
.#####.#......##@# #.##.####...##
.......#.####.##o###.##.#........
.#####.#####(.............##....#
.# ........................... .#
# .######..#.###.#..#.##....#
.... #.####......#.#.......[..#
.## #..................##....#
.#### #.........###.#...........
.##.#####.o......................


You could see an orc priest (combustible).

Vanquished Creatures
  An orc priest (D:4)
  2 orc wizards
  3 adders (D:2)
  A worm (D:3)
  A dart slug (D:2)
  7 orcs
  3 ball pythons
  9 endoplasms
  A giant cockroach (D:2)
  3 goblins
  4 hobgoblins
  3 jackals (D:3)
  7 kobolds
  2 quokkas
  3 bats
  3 frilled lizards
  7 rats
60 creatures vanquished.

Notes
Turn   | Place    | Note
-------+----------+-------------------------------------------
     0 | D:1      | mdonais the Octopode Cinder Acolyte began the quest for the
                  | Orb.
     0 | D:1      | Reached XP level 1. HP: 16/16 MP: 2/2
    83 | D:1      | Reached skill level 1 in Stealth
   276 | D:1      | Reached XP level 2. HP: 15/21 MP: 3/3
   279 | D:1      | Learned a level 2 spell: Scorch
   715 | D:2      | HP: 1/21 [adder (3)]
  1034 | D:2      | Reached XP level 3. HP: 26/26 MP: 4/4
  1645 | D:2      | You are sucked into a shaft and drop 2 floors!
  2075 | D:2      | Noticed Terence
  2173 | D:3      | Reached XP level 4. HP: 30/31 MP: 6/6
  2253 | D:3      | Found a faded altar of an unknown god.
  3113 | D:3      | Found a blossoming altar of Fedhas.
  3116 | D:3      | Found a hazy altar of Hepliaklqana.
  3116 | D:3      | Found a snail-covered altar of Cheibriados.
  3118 | D:3      | Found a hide-covered altar of Uskayaw.
  3118 | D:3      | Found an ancient bone altar of Kikubaaqudgha.
  3118 | D:3      | Found a shimmering altar of Xom.
  3219 | D:3      | Found a shimmering altar of Xom.
  3245 | D:3      | Found a faded altar of an unknown god.
  3640 | D:3      | Reached skill level 4 in Fire Magic
  3779 | D:4      | Reached XP level 5. HP: 36/36 MP: 5/8
  3868 | D:4      | Found a staircase to the Ecumenical Temple.
  4007 | D:4      | Killed from afar by an orc priest

Illustrated notes

Levels and vault maps discovered:
D:1:      dpeg_arrival_simpleton_a, layout_basic, minivault_25
D:2:      layout_basic, uniq_terence
D:3:      layout_rooms, doesnt_xom_only_xom, basic_ecumenical_altar
D:4:      minmay_chambers_of_fours, layout_basic,
          mainiacjoe_overflow_tiny_flanked, minmay_temple_entry_proselytizer,
          grunt_decor_fettered

Skill      XL: |  1  2  3  4  5 |
---------------+----------------+-----
Stealth        | 2 3 |  3.3
Spellcasting   | 2 3 |  3.0
Fire Magic     | 4 |  4.4
Fighting       | |  3.0
Long Blades    | |  3.0

Action                   |  1- 3 |  4- 6 || total
-------------------------+-------+-------++-------
Melee: Falchion          |    43 |    21 ||    64
       Constrict         |     9 |     5 ||    14
       Tentacles         |     4 |     2 ||     6
Throw: Boomerang         |       |     2 ||     2
 Cast: Scorch            |    10 |    28 ||    38
  Use: Potion            |     1 |       ||     1
 Stab: Sleeping          |     7 |     2 ||     9
       Distracted        |     1 |       ||     1
Armor: Skin              |     1 |     2 ||     3
Dodge: Dodged            |    25 |    19 ||    44
